[Event "*** Titled Tuesday Blitz"]
[Site "Chess.com"]
[Date "2020.11.03"]
[Round "6"]
[White "shnitez"]
[Black "tk22h"]
[Result "1-0"]
[WhiteElo "2534"]
[BlackElo "2377"]
[TimeControl "180+1"]
[EndTime "11:09:54 PST"]
[Termination "shnitez won by resignation"]

1. e4 e5 2. Nf3 Nc6 3. Bc4 Nf6 4. d3 Be7 5. O-O O-O 6. Re1 d6 7. c3 Na5 8. Bb5 a6 9. Ba4 b5 10. Bc2 c5 11. Nbd2 Nc6 12. a4 Rb8 13. Nf1 h6 14. h3 Re8 15. Ng3 Bf8 16. axb5 axb5 17. d4 cxd4 18.
cxd4 exd4 19. Nxd4 Nxd4 20. Qxd4 Qb6 21. Qd1 Be6 22. Be3 Qb7 23. Ra7 Qc8 24. Bd4 Nd7 25. Bb3 Nc5 26. Bxe6 Qxe6 27. Qg4 Qxg4 28. hxg4 Ra8 29.
Rxa8 Rxa8 30. f3 Ne6 31. Bc3 Ra4 32. Nf5 b4 33. b3 Ra3 34. Bxb4 Rxb3 35. Bxd6 Bxd6 36.
Nxd6 Rb2 37. Rf1 Nf4 38. Rf2 Rb1+ 39. Kh2 g6 40. Kg3 Ne6 41. Ra2 Rb8 42. Ra7 Rf8 43.
f4 Kg7 44. f5 Ng5 45. Kf4 Rb8 46. e5 Rb4+ 47. Kg3 Ne4+ 48. Nxe4 Rxe4 49. e6 gxf5 50.
Rxf7+ Kg6 51. gxf5+ Kg5 52. e7 h5 53. f6 Kg6 54. Rf8 1-0

[Event "*** Titled Tuesday Blitz"]
[Site "Chess.com"]
[Date "2020.11.03"]
[Round "6"]
[White "talyamania"]
[Black "IceBelka"]
[Result "0-1"]
[WhiteElo "2358"]
[BlackElo "2186"]
[TimeControl "180+1"]
[EndTime "11:09:54 PST"]
[Termination "IceBelka won by resignation"]

1. e4 c6 2. d4 d5 3. Nd2 dxe4 4.
Nxe4 Bf5 5. Ng3 Bg6 6. h4 h6 7. Nf3 Nd7 8. h5 Bh7 9. Bd3 Bxd3 10. Qxd3 Ngf6 11. Bf4 Qa5+ 12. Bd2 Qc7 13. O-O-O e6 14. Kb1 Bd6 15. Ne4 Nxe4 16. Qxe4 Nf6 17. Qe2 O-O-O 18. g3 c5 19. c4 cxd4 20. Nxd4 a6 21.
Nb3 Qc6 22. Ba5 Bc7 23. Bxc7 Kxc7 24. Qe5+ Kc8 25. f4 Qe4+ 26. Qxe4 Nxe4 27. g4 Nf2 28.
Rxd8+ Rxd8 29. Rg1 Rd1+ 30. Rxd1 Nxd1 31. Nd2 Ne3 32. g5 Ng2 33. gxh6 gxh6 34. Ne4 Kd7 35.
Nf6+ Kd6 36. Ng8 Nxf4 37. Nxh6 f5 38. Nf7+ Ke7 39. Ne5 Nxh5 40. c5 Nf6 41. Kc2 Nd7 42. c6 Nxe5 43. cxb7 Nc6 44. b4 Kd7 0-1

[Event "*** Titled Tuesday Blitz"]
[Site "Chess.com"]
[Date "2020.11.03"]
[Round "6"]
[White "Quiet_Desperation"]
[Black "Goryachkina"]
[Result "0-1"]
[WhiteElo "1831"]
[BlackElo "2595"]
[TimeControl "180+1"]
[EndTime "11:09:55 PST"]
[Termination "Goryachkina won by resignation"]

1. e4 c5 2. Nf3 d6 3. d4 cxd4 4.
Nxd4 Nf6 5. Nc3 e5 6. Nb3 Be7 7. f3 Be6 8. Be3 O-O 9. Qd2 a5 10. a4 d5 11. exd5 Nxd5 12. Nxd5 Bxd5 13. Rd1 Bxb3 14.
Qxd8 Rxd8 15. Rxd8+ Bxd8 16. cxb3 Nc6 17. Bc4 h6 18.
Kf2 Bg5 19. Bxg5 hxg5 20. Re1 Rd8 21. Re2 Kf8 22. Bb5 f6 23. Bxc6 bxc6 24. Rc2 Rd3 25. Rxc6 Rxb3 26. Rc5 Rxb2+ 27. Kg3 Ra2 28. Rxa5 Kf7 29.
Ra6 Kg6 30. h3 Kf5 31. Kh2 Kf4 32. Ra7 g6 33. Rf7 f5 34. Rg7 Rxa4 35. Rxg6 e4 36.
fxe4 fxe4 37. Re6 e3 38. Re8 Re4 39. Rxe4+ Kxe4 40. Kg1 Kd3 41. Kf1 Kd2 0-1

[Event "*** Titled Tuesday Blitz"]
[Site "Chess.com"]
[Date "2020.11.03"]
[Round "6"]
[White "TheCavemanChesss"]
[Black "olksuna"]
[Result "0-1"]
[WhiteElo "2464"]
[BlackElo "2617"]
[TimeControl "180+1"]
[EndTime "11:09:56 PST"]
[Termination "olksuna won by resignation"]

1. e4 Nf6 2. Nc3 d5 3. e5 d4 4.
Nce2 Ng4 5. f4 c5 6. Nf3 h5 7. g3 Nc6 8. Bg2 Bf5 9. h3 Nh6 10. O-O e6 11. d3 Be7 12. Kh1 Bh7 13. Kg1 Nf5 14. g4 hxg4 15. hxg4 Nh4 16. Ng3 Nxg2 17. Kxg2 Qd5 18. Rh1 O-O-O 19. Bd2 g5 20. Qe2 gxf4 21.
Bxf4 Rdg8 22. g5 Bxg5 23. Bxg5 Rxg5 24. Kf2 Rgg8 25. Rh3 Bg6 26. Rah1 Rxh3 27. Rxh3 Qxa2 28. b3 Nb4 29. Ne1 Nd5 30. Ne4 Bxe4 31. Qxe4 Qa5 32.
Rf3 Qd2+ 33. Qe2 Qh6 34. Ng2 Qh2 35. Qf1 Ne3 36. Rxe3 dxe3+ 37. Kxe3 Qxg2 38. Qxf7 Qg5+ 39. Ke4 Qg6+ 0-1

[Event "*** Titled Tuesday Blitz"]
[Site "Chess.com"]
[Date "2020.11.03"]
[Round "6"]
[White "enriquebutti"]
[Black "politeplayer"]
[Result "1-0"]
[WhiteElo "1997"]
[BlackElo "2228"]
[TimeControl "180+1"]
[EndTime "11:09:56 PST"]
[Termination "enriquebutti won by checkmate"]

1. e4 c5 2. Nf3 e6 3. c3 Nf6 4. e5 Nd5 5. d4 cxd4 6. cxd4 d6 7. Nc3 Nxc3 8. bxc3 dxe5 9. Nxe5 Nd7 10. Nc4 b6 11. Bf4 Bb7 12. Nd6+ Bxd6 13. Bxd6 Rc8 14. Qg4 Nf6 15.
Bb5+ Bc6 16. Bxc6+ Rxc6 17. Qxg7 Rg8 18. Qh6 Rg6 19.
Qd2 Qxd6 20. O-O Nd5 21. Rac1 Qf4 22. Qd3 Rxg2+ 23. Kxg2 Qxc1 24. Qxh7 Qg5+ 25. Kh1 Rxc3 26. Rg1 Rc1 27. Qh8+ Kd7 28. Rxc1 Qxc1+ 29. Kg2 Qg5+ 30. Kf1 Qf6 31. Qb8 a5 32. Qb7+ Ke8 33. Qc6+ Kf8 34.
Qd6+ Kg7 35. Qg3+ Qg6 36. Qe5+ Kh7 37. h4 a4 38. h5 Qd3+ 39. Kg2 a3 40. Qg5 Qf5 41.
Qd8 Nf4+ 42. Kf1 Qd3+ 43. Kg1 Qb1+ 44. Kh2 Qxa2 45. Kg3 Nd5 46. Qf8 Qb3+ 47. f3 a2 48.
Qxf7+ Kh6 49. Qg6# 1-0

[Event "*** Titled Tuesday Blitz"]
[Site "Chess.com"]
[Date "2020.11.03"]
[Round "6"]
[White "paulrusan"]
[Black "Mikasinski"]
[Result "1-0"]
[WhiteElo "2209"]
[BlackElo "2453"]
[TimeControl "180+1"]
[EndTime "11:09:57 PST"]
[Termination "paulrusan won by checkmate"]

1. e4 c5 2. b4 cxb4 3. Bb2 d5 4.
exd5 Nf6 5. Bb5+ Bd7 6. Bc4 b5 7. Bb3 a5 8. a4 bxa3 9. Nxa3 a4 10. Ba2 b4 11. Nc4 a3 12. Bxf6 gxf6 13. Ne2 Rg8 14. O-O Qc7 15. Re1 Kd8 16. Ng3 f5 17. Qh5 Rg6 18.
Nxf5 Qf4 19. Ng3 Bg7 20. Re4 Qc7 21. Rae1 Bf6 22. Qxh7 Na6 23. Ne5 Bxe5 24. Rxe5 Qxc2 25. Bb1 Qxd2 26. Bxg6 fxg6 27. Qxe7+ Kc7 28. d6+ Kb6 29. Qxd7 Nc5 30. Qc7+ Kb5 31. Qxc5+ Ka4 32. Rb1 Rb8 33.
Qa5# 1-0

[Event "*** Titled Tuesday Blitz"]
[Site "Chess.com"]
[Date "2020.11.03"]
[Round "6"]
[White "GMG"]
[Black "SanchezKelvin"]
[Result "1-0"]
[WhiteElo "2711"]
[BlackElo "2420"]
[TimeControl "180+1"]
[EndTime "11:09:58 PST"]
[Termination "GMG won by resignation"]

1. Nf3 c5 2. c4 Nc6 3. Nc3 g6 4. e3 Bg7 5. d4 Nf6 6. d5 Na5 7. Be2 O-O 8. O-O d6 9. h3 e6 10. e4 exd5 11. exd5 a6 12. Bf4 Re8 13. Bd3 Rb8 14.
Qd2 b5 15. cxb5 c4 16. Bc2 axb5 17. a4 b4 18. Nb5 Nb7 19. Nfd4 Qb6 20. a5 Nxa5 21.
Bxd6 Ra8 22. Bxb4 Nb3 23. Bxb3 Rxa1 24. Rxa1 cxb3 25. d6 Bd7 26. Nc7 Re4 27. Ra8+ Ne8 28. Nxe8 Rxe8 29. Rxe8+ Bxe8 30. Nxb3 Bxb2 31. Nc5 Be5 32. d7 Qb8 33. d8=Q 1-0

[Event "*** Titled Tuesday Blitz"]
[Site "Chess.com"]
[Date "2020.11.03"]
[Round "6"]
[White "HouseOfDurin"]
[Black "BigAl"]
[Result "0-1"]
[WhiteElo "2206"]
[BlackElo "2471"]
[TimeControl "180+1"]
[EndTime "11:10:00 PST"]
[Termination "BigAl won on time"]

1. d4 Nf6 2. Bg5 Ne4 3. h4 d5 4. Nd2 Nxd2 5. Qxd2 h6 6. Bf4 Bf5 7. e3 e6 8. Bd3 Bxd3 9. Qxd3 c5 10. dxc5 Nc6 11. Qc3 Rc8 12. b4 Be7 13. Ne2 Bf6 14. Nd4 Qe7 15. Bd6 Qd7 16. Qd2 Be7 17. Bxe7 Qxe7 18.
g3 Ne5 19. O-O O-O 20. f4 Nc4 21. Qd3 b6 22. cxb6 axb6 23. c3 Nb2 24. Qd2 Nc4 25.
Qe2 Nd6 26. Rfc1 Rc4 27. b5 Ne4 28. Nc6 Qf6 29. Qe1 h5 30. a4 Kh8 31. Ra3 Qg6 0-1

[Event "*** Titled Tuesday Blitz"]
[Site "Chess.com"]
[Date "2020.11.03"]
[Round "6"]
[White "SergeyShtyka"]
[Black "chessdjw"]
[Result "0-1"]
[WhiteElo "2359"]
[BlackElo "2661"]
[TimeControl "180+1"]
[EndTime "11:10:00 PST"]
[Termination "chessdjw won on time"]

1. e4 c5 2. Nf3 d6 3. d4 cxd4 4. Nxd4 Nf6 5. Nc3 a6 6. Bd3 e5 7.
Nde2 Be7 8. O-O O-O 9. Bg5 Be6 10. Ng3 Nbd7 11. h3 Rc8 12. Qf3 g6 13. Bh6 Re8 14. Nf5 Bxf5 15. exf5 Bf8 16. Bg5 Rxc3 17. bxc3 d5 18.
fxg6 hxg6 19. Qd1 e4 20. Be2 Qc7 21. c4 dxc4 22. Qd4 Bc5 23. Qxc4 Qe5 24. Be3 Bd6 25. g3 Qf5 26. Kh2 Ne5 27. Qb3 Nf3+ 28. Bxf3 exf3 29. Qa4 Re4 30. Qb3 Rh4 0-1

[Event "*** Titled Tuesday Blitz"]
[Site "Chess.com"]
[Date "2020.11.03"]
[Round "6"]
[White "swimmerchess"]
[Black "Duhless"]
[Result "0-1"]
[WhiteElo "2850"]
[BlackElo "3003"]
[TimeControl "180+1"]
[EndTime "11:10:01 PST"]
[Termination "Duhless won by resignation"]

1. e4 c6 2. d4 d5 3. e5 Bf5 4.
c4 e6 5. Nc3 Ne7 6. Nge2 Nd7 7.
Nf4 dxc4 8. Bxc4 Nb6 9. Bb3 Ned5 10. Ncxd5 cxd5 11. g4 Be4 12. f3 Qh4+ 13. Ke2 Bg6 14. Be3 Rc8 15. Rc1 Rxc1 16. Qxc1 Kd7 17. Qc3 Be7 18. Qa5 Ra8 19. Rc1 Qxh2+ 20. Kd1 Qh1+ 21.
Ke2 Qh2+ 22. Kd1 Qxb2 23. Qb5+ Kd8 24. a4 Rc8 25. Ne2 Rxc1+ 26. Bxc1 Qb1 27. Kd2 h5 28.
gxh5 Bxh5 29. a5 Nc4+ 30. Bxc4 Qb4+ 31. Qxb4 Bxb4+ 32. Kd3 Bg6+ 33. Ke3 dxc4 34. a6 bxa6 35. Nf4 Kd7 36. d5 Bc5+ 37. Ke2 exd5 38. Nxd5 Ke6 39.
Nc7+ Kxe5 40. Nxa6 Bd6 41. Bb2+ Kd5 42. Bxg7 Kc6 43.
Bd4 Kb5 0-1

[Event "*** Titled Tuesday Blitz"]
[Site "Chess.com"]
[Date "2020.11.03"]
[Round "6"]
[White "Nikolakis2014"]
[Black "PIwan"]
[Result "1-0"]
[WhiteElo "2737"]
[BlackElo "2526"]
[TimeControl "180+1"]
[EndTime "11:10:01 PST"]
[Termination "Nikolakis2014 won on time"]

1. Nf3 Nf6 2. c4 c6 3. d4 d5 4.
Nc3 a6 5. c5 Nbd7 6. Bf4 Nh5 7.
g3 Nxf4 8. gxf4 g6 9. e3 Bg7 10.
Bd3 O-O 11. h4 Nf6 12. Ne5 Bf5 13. Bxf5 gxf5 14. Rg1 Kh8 15. Qc2 e6 16. O-O-O Ne4 17. f3 Nxc3 18. Qxc3 Bxe5 19. fxe5 Rg8 20. h5 Qh4 21. Qb4 Qf2 22. Rxg8+ Rxg8 23. Qxb7 Qxe3+ 24. Kb1 Qxf3 25. Rc1 Qd3+ 26. Ka1 Qe3 27. Rb1 Rg1 28. a3 Rxb1+ 29. Kxb1 Qd3+ 30. Ka1 Kg7 31. Qe7 1-0

[Event "*** Titled Tuesday Blitz"]
[Site "Chess.com"]
[Date "2020.11.03"]
[Round "6"]
[White "KaterinaMiroshnik"]
[Black "MarcoRiehle"]
[Result "1-0"]
[WhiteElo "2535"]
[BlackElo "2690"]
[TimeControl "180+1"]
[EndTime "11:10:02 PST"]
[Termination "KaterinaMiroshnik won by resignation"]

1. d4 d5 2. Nf3 Nf6 3. c4 e6 4. e3 b6 5. cxd5 exd5 6. Bd3 Bd6 7. O-O O-O 8. b3 c5 9. Bb2 Bb7 10. Nc3 Ne4 11. Ne2 Nd7 12. Nf4 Ndf6 13. Ne5 Re8 14. Be2 Rc8 15. Rc1 Nd7 16. Nfd3 Bxe5 17. Nxe5 Nxe5 18. dxe5 Qg5 19. f4 Qg6 20. Bd3 f5 21. exf6 gxf6 22. Rf3 Kf7 23. Rg3 Qh6 24. Rh3 Qg6 25. f5 Qg7 26. Qh5+ Ke7 27. Bxe4 dxe4 28. Rg3 Qf7 29. Bxf6+ Kxf6 30. Qh6+ Ke5 31. Rd1 Bd5 32.
Qf4+ Kf6 33. Qd6+ Be6 34. Rf1 Qg6 35. fxg6+ Kg7 36. Qe5+ Kg8 37. gxh7+ 1-0

[Event "*** Titled Tuesday Blitz"]
[Site "Chess.com"]
[Date "2020.11.03"]
[Round "6"]
[White "GelmanAlexander"]
[Black "lider34"]
[Result "1-0"]
[WhiteElo "2581"]
[BlackElo "2402"]
[TimeControl "180+1"]
[EndTime "11:10:02 PST"]
[Termination "GelmanAlexander won by checkmate"]

1. d4 Nf6 2. Nc3 g6 3. e4 d6 4.
f4 Bg7 5. Nf3 c5 6. Bb5+ Bd7 7. e5 Ng4 8. e6 Bxb5 9. exf7+ Kd7 10. Nxb5 Qa5+ 11. Nc3 cxd4 12. Nxd4 Bxd4 13. Qxd4 Nc6 14.
Qd3 Rhf8 15. h3 Nf6 16. O-O Rxf7 17. Be3 Raf8 18. Rad1 Nh5 19. Nd5 e6 20. b4 Qxd5 21. Qa3 Qb5 22. c4 Qxb4 23. Qd3 Nxf4 24. Rxf4 Rxf4 25.
Kh2 Rxc4 26. Rb1 Qa4 27. Rxb7+ Kc8 28. Rxh7 d5 29. Qxg6 Re4 30. Qg7 Qa5 31. Qb7+ Kd8 32. Qd7# 1-0

[Event "*** Titled Tuesday Blitz"]
[Site "Chess.com"]
[Date "2020.11.03"]
[Round "6"]
[White "esrosenberg"]
[Black "Region_07"]
[Result "1-0"]
[WhiteElo "2342"]
[BlackElo "2443"]
[TimeControl "180+1"]
[EndTime "11:10:02 PST"]
[Termination "esrosenberg won by checkmate"]

1. d4 d5 2. Bg5 f6 3. Bd2 Bf5 4. c4 e6 5. Nc3 Nc6 6. Nf3 Nge7 7. a3 g5 8. e3 h5 9. cxd5 exd5 10. Bb5 Bg7 11.
Qb3 Bg6 12. Rc1 O-O 13. Na4 a6 14. Bd3 Bxd3 15. Qxd3 b6 16. O-O Qd7 17. Nc3 Nd8 18. e4 Ne6 19. Nxd5 Nxd5 20. exd5 Qxd5 21. Rfe1 Rae8 22. Qg6 h4 23. h3 Qd7 24. Bb4 Nf4 25. Qc2 Rxe1+ 26. Rxe1 Rd8 27. Re7 Qb5 28. Qxc7 Bf8 29.
Rh7 Re8 30. Qf7# 1-0

[Event "*** Titled Tuesday Blitz"]
[Site "Chess.com"]
[Date "2020.11.03"]
[Round "6"]
[White "petrkostenko"]
[Black "Chessdude1987"]
[Result "1-0"]
[WhiteElo "2456"]
[BlackElo "2289"]
[TimeControl "180+1"]
[EndTime "11:10:02 PST"]
[Termination "petrkostenko won on time"]

1. c4 Nf6 2. g3 g6 3. Bg2 Bg7 4. Nc3 O-O 5. e4 d6 6. Nge2 a6 7. d3 Nc6 8. O-O Rb8 9. a4 e5 10.
h3 Be6 11. Kh2 Nd7 12. Be3 f5 13. exf5 gxf5 14. f4 Nc5 15. fxe5 dxe5 16. Bxc5 Rf7 17. Nd5 Qe8 18. Qd2 b6 19. Be3 a5 20. Rae1 Rd8 21.
d4 e4 22. b3 Bxd5 23. cxd5 Rxd5 24. Nf4 Rd8 25. d5 Nb4 26. Rd1 Be5 27. Qe2 Bxf4 28. Bxf4 Nxd5 29. Bc1 Rfd7 30. Bb2 Qg6 31. Qf2 Ne7 32.
Rxd7 Rxd7 33. g4 Rd3 34. gxf5 Qd6+ 35. Kh1 Rd2 36. Qe3 Rxb2 37. f6 Ng6 38. Qh6 Qf8 39. f7+ Kh8 40. Qg5 Rxg2 41. Kxg2 e3 42. Qf6+ Qg7 43.
Qxg7+ Kxg7 44. Kf3 Ne5+ 45. Kxe3 Nxf7 46. Kd4 Nd6 47.
Kd5 h5 48. Kc6 1-0

[Event "*** Titled Tuesday Blitz"]
[Site "Chess.com"]
[Date "2020.11.03"]
[Round "6"]
[White "Sven_Tica"]
[Black "vanyakuba"]
[Result "1-0"]
[WhiteElo "2688"]
[BlackElo "2514"]
[TimeControl "180+1"]
[EndTime "11:10:03 PST"]
[Termination "Sven_Tica won by resignation"]

1. d4 d5 2. c4 e6 3. Nf3 c5 4. cxd5 exd5 5. Nc3 Nc6 6. g3 Nf6 7. Bg2 Be7 8. O-O O-O 9. dxc5 Bxc5 10. Bg5 d4 11.
Ne4 Be7 12. Bxf6 Bxf6 13. b4 a6 14. Rb1 Re8 15. Nxf6+ Qxf6 16. a4 Bf5 17. Rb3 Rad8 18. b5 Na5 19. Rb4 d3 20. e3 Be4 21. Nd2 Bxg2 22.
Kxg2 Qc3 23. Rh4 axb5 24. axb5 Qc2 25. Nf3 Nb3 26. Rb4 Nc5 27. Qxc2 dxc2 28. Rc4 Rc8 29. Rxc2 Nd3 30. Rxc8 Rxc8 31. Nd4 Kf8 32. Rd1 Ne5 33.
Ra1 g6 34. Ra7 Rb8 35. Kf1 Nc4 36. Ke2 Nd6 37. Kd3 Rc8 38. Ra1 Rc5 39. Rb1 Ke7 40. h4 f6 41. Rb2 g5 42. Rc2 Rxc2 43. Kxc2 Ne4 44. hxg5 fxg5 45. f4 Nxg3 46. fxg5 Ne4 47. Nf3 Ke6 48. Kd3 Nd6 49. b6 Kf5 50. Kd4 Ne4 51.
Nh4+ Kxg5 52. Kxe4 Kxh4 53. Kf4 Kh5 54. Kf5 Kh6 55.
Kf6 Kh5 56. e4 Kg4 57. e5 h5 58. e6 h4 59. e7 h3 60. e8=Q h2 61. Qc8+ Kg3 62.
Qxb7 1-0

[Event "*** Titled Tuesday Blitz"]
[Site "Chess.com"]
[Date "2020.11.03"]
[Round "6"]
[White "Xeniya2005"]
[Black "FMJoseHerrera"]
[Result "0-1"]
[WhiteElo "2391"]
[BlackElo "2572"]
[TimeControl "180+1"]
[EndTime "11:10:03 PST"]
[Termination "FMJoseHerrera won by resignation"]

1. e4 c5 2. Be2 e6 3. f4 b6 4. Nf3 Bb7 5. d3 Qc7 6. Be3 d6 7. Nbd2 Nf6 8. c3 Nbd7 9. Rc1 Be7 10. O-O Ng4 11. Bf2 Nxf2 12. Rxf2 h5 13. d4 Nf6 14. Bd3 Rc8 15. Rf1 Qb8 16. Qe2 h4 17. f5 e5 18. dxe5 dxe5 19. Bb5+ Kf8 20. Bc4 Nh5 21. Qe3 Nf4 22. g3 hxg3 23. hxg3 Nh5 24. Kg2 Rd8 25. Rh1 Rh6 26. Rce1 a6 27. a4 Bf6 28. Ng5 b5 29.
axb5 axb5 30. Ba2 Nf4+ 31. gxf4 exf4 32. Qxc5+ Be7 33. Qf2 Bxg5 34. Nf3 Rxh1 35. Rxh1 Bxe4 36. Rh8+ Ke7 37. Qc5+ Qd6 38. Qf2 Rxh8 0-1

[Event "*** Titled Tuesday Blitz"]
[Site "Chess.com"]
[Date "2020.11.03"]
[Round "6"]
[White "CzechmVIII"]
[Black "Chessbard1972"]
[Result "0-1"]
[WhiteElo "2133"]
[BlackElo "2276"]
[TimeControl "180+1"]
[EndTime "11:10:04 PST"]
[Termination "Chessbard1972 won by checkmate"]

1. e4 c5 2. Nf3 a6 3. Nc3 Nc6 4. d4 cxd4 5. Nxd4 e6 6. Bf4 Bb4 7. Nxc6 bxc6 8. Qd4 Bf8 9. Bd6 Bxd6 10. Qxd6 Ne7 11.
O-O-O O-O 12. Be2 Ng6 13. h4 Qf6 14. h5 Qf4+ 15. Kb1 Qxd6 16. Rxd6 Nf4 17. Bf3 e5 18. h6 g6 19. Rhd1 Rb8 20. Na4 Ne6 21. Bg4 f5 22. exf5 gxf5 23. Be2 Rf6 24. Rh1 Rg6 25. Bc4 Rb4 26. b3 Kf7 27. a3 Rb8 28. Bxe6+ Rxe6 29. Rhd1 Ke7 30. Rxe6+ Kxe6 31. Nc5+ Ke7 32.
Nd3 d6 33. f4 e4 34. Nb4 Rb6 35. Kb2 a5 36. Na2 Be6 37. Re1 d5 38. Re3 d4 39.
Rg3 d3 40. c4 Bxc4 41. Kc3 Bxb3 42. Nc1 Bf7 43. Rg7 Rb1 44. Kd2 Rb2+ 45. Ke3 Rc2 46. Rxh7 Rxc1 47. Rh8 Re1+ 48. Kd2 Re2+ 49. Kd1 Rxg2 50. Ra8 e3 51. Ra7+ Kf6 52. h7 Rg1# 0-1

[Event "*** Titled Tuesday Blitz"]
[Site "Chess.com"]
[Date "2020.11.03"]
[Round "6"]
[White "Onischuk_V"]
[Black "ArjunErigaisi2003"]
[Result "1-0"]
[WhiteElo "2859"]
[BlackElo "2987"]
[TimeControl "180+1"]
[EndTime "11:10:05 PST"]
[Termination "Onischuk_V won by resignation"]

1. e4 e5 2. Nf3 Nc6 3. Bc4 Bc5 4. d3 Nf6 5. O-O O-O 6. Nbd2 a6 7. Bb3 d6 8. c3 Be6 9. Bc2 h6 10. b4 Ba7 11. Bb2 Qd7 12. h3 Rad8 13. Re1 Rfe8 14. a4 Qe7 15. b5 Nb8 16. d4 Nh5 17. Nf1 Qf6 18. Ne3 Nf4 19. Kh2 exd4 20. cxd4 c5 21. bxc6 bxc6 22. Rb1 Qg6 23. Ba1 Qh5 24. Nd2 Qxd1 25.
Rexd1 d5 26. e5 c5 27. Nf3 Nc6 28. Rb7 Ne2 29. dxc5 Bxc5 30. Rc7 Rc8 31. Rxc8 Rxc8 32.
Bd3 Nf4 33. Bxa6 Ra8 34. Bb7 Rxa4 35. Bxc6 Ra2 36. Bd4 Bxd4 37. Nxd4 Rxf2 38. Kg3 1-0

[Event "*** Titled Tuesday Blitz"]
[Site "Chess.com"]
[Date "2020.11.03"]
[Round "6"]
[White "Zhigalko_Sergei"]
[Black "GMKrikor"]
[Result "1-0"]
[WhiteElo "2912"]
[BlackElo "2765"]
[TimeControl "180+1"]
[EndTime "11:10:05 PST"]
[Termination "Zhigalko_Sergei won by resignation"]

1. e4 c5 2. Nf3 d6 3. d4 cxd4 4.
Qxd4 a6 5. Bc4 Nc6 6. Qd3 e6 7.
Nc3 Nf6 8. Bf4 Be7 9. O-O-O e5 10.
Bg5 Na5 11. Bb3 Nxb3+ 12. axb3 Be6 13. Bxf6 Bxf6 14. Qxd6 Qxd6 15. Rxd6 Rc8 16. Nd5 Bd8 17. Nxe5 O-O 18. Rd1 Re8 19. Nb6 Rb8 20. Ned7 Bxd7 21. Nxd7 Rc8 22. R6d4 h5 23. c3 g6 24. Kc2 Kg7 25.
b4 Rc6 26. Nb8 Rc8 27. Nd7 Rc6 28. f4 Bc7 29. e5 Re7 30. Nf6 Bb6 31. Rd7 Rxd7 32.
Rxd7 Be3 33. g3 Bg1 34. h4 Bf2 35. Ne4 Be1 36. Rd1 1-0

[Event "*** Titled Tuesday Blitz"]
[Site "Chess.com"]
[Date "2020.11.03"]
[Round "6"]
[White "ftorodent"]
[Black "UCantHandleDenker"]
[Result "1-0"]
[WhiteElo "2669"]
[BlackElo "2499"]
[TimeControl "180+1"]
[EndTime "11:10:05 PST"]
[Termination "ftorodent won on time"]

1. d4 Nf6 2. c4 g6 3. Nc3 Bg7 4. e4 d6 5. Nf3 O-O 6. Be2 e5 7. Be3 h6 8. O-O Nc6 9. d5 Ne7 10. Nd2 Nh7 11. c5 f5 12. f3 Bd7 13. Nc4 Nc8 14. Rc1 f4 15. Bf2 h5 16. Qb3 b6 17.
cxd6 Nxd6 18. Nxd6 cxd6 19. Nb5 Rf6 20. Nc7 Rc8 21.
Ne6 Qe7 22. Rxc8+ Bxc8 23. Rc1 Bxe6 24. dxe6 Nf8 25. Bh4 Kh7 26. Bxf6 Bxf6 27. Bc4 g5 28. Bd5 g4 29. Qc3 Qg7 30. Kh1 Ng6 31. Qc7 Be7 32.
Qd7 Nh4 33. fxg4 hxg4 34. Rc7 Ng6 35. Qe8 Kh6 36. Qf7 Qxf7 37. exf7 Kg7 38. g3 f3 39. Kg1 Bf8 40. Kf2 Ne7 41. Be6 Kf6 42. Bxg4 1-0

[Event "*** Titled Tuesday Blitz"]
[Site "Chess.com"]
[Date "2020.11.03"]
[Round "6"]
[White "DinaBelenkaya"]
[Black "Kavyev_Ruslan"]
[Result "0-1"]
[WhiteElo "2348"]
[BlackElo "2500"]
[TimeControl "180+1"]
[EndTime "11:10:05 PST"]
[Termination "Kavyev_Ruslan won on time"]

1. e4 c5 2. Nc3 d6 3. g3 Nc6 4. Bg2 g6 5. Nge2 Bg7 6. d3 e6 7. O-O Nge7 8. Bg5 O-O 9. Qd2 Rb8 10.
Bh6 b5 11. Qg5 e5 12. Qh4 Nd4 13. f4 Nec6 14. Bg5 f6 15. Bh6 Be6 16. f5 Bf7 17. Nxd4 Nxd4 18. Rf2 g5 19. Qh3 Re8 20. Nd1 Qe7 21. c3 Nc6 22. Ne3 Qf8 23. Ng4 Bxh6 24. Nxh6+ Kh8 25. Bf3 Re7 26. Rd1 b4 27. Ng4 Qg7 28.
a3 a5 29. axb4 axb4 30. Be2 h5 31. Ne3 Qh6 32. Nd5 Ra7 33. g4 h4 34. cxb4 Nxb4 35. d4 cxd4 0-1

[Event "*** Titled Tuesday Blitz"]
[Site "Chess.com"]
[Date "2020.11.03"]
[Round "6"]
[White "ChelsieMonica"]
[Black "Lady_Nika"]
[Result "0-1"]
[WhiteElo "2315"]
[BlackElo "2453"]
[TimeControl "180+1"]
[EndTime "11:10:05 PST"]
[Termination "Lady_Nika won by resignation"]

1. c4 e6 2. Nf3 d5 3. cxd5 exd5 4. g3 f5 5. Bg2 Nf6 6. O-O c6 7. d3 Be7 8. Bf4 O-O 9. Nbd2 Nbd7 10. Rc1 Re8 11. Nb3 Nf8 12. Ne5 Ne6 13. Be3 Bd6 14.
d4 Nf8 15. f4 Ng4 16. Rf3 Bd7 17. h3 Nxe3 18. Rxe3 g5 19. Qf1 Ng6 20. Nc5 Bxc5 21. Rxc5 Nxe5 22. fxe5 Be6 23. Rb3 Qd7 24. e3 Kh8 25. a4 Rg8 26. a5 Raf8 27. Qe1 f4 28. exf4 gxf4 29. g4 Bxg4 30. hxg4 Qxg4 31. Rc2 f3 32. e6 Qxd4+ 33. Kh2 fxg2 34. Rxg2 Qf4+ 35. Rbg3 Qh4+ 36. Kg1 Rxg3 37. Rxg3 Qd4+ 38. Kh2 Qh4+ 39. Kg1 Qxg3+ 40. Qxg3 Rg8 41. Kg2 Rxg3+ 42. Kxg3 Kg7 43. Kf4 Kf6 0-1

[Event "*** Titled Tuesday Blitz"]
[Site "Chess.com"]
[Date "2020.11.03"]
[Round "6"]
[White "AryanTari"]
[Black "German_Bazeev"]
[Result "0-1"]
[WhiteElo "2886"]
[BlackElo "2751"]
[TimeControl "180+1"]
[EndTime "11:10:07 PST"]
[Termination "German_Bazeev won on time"]

1. c4 e5 2. Nc3 d6 3. Nf3 f5 4. g3 Nf6 5. d4 e4 6. Nh4 Be7 7. Bg5 O-O 8. Ng2 c5 9. e3 Nc6 10. Nf4 cxd4 11. exd4 h6 12. Bxf6 Bxf6 13. d5 Bxc3+ 14. bxc3 Ne5 15. Be2 Qf6 16. h4 Bd7 17. Qd4 b6 18. O-O Rac8 19. a4 Nxc4 20. Qxf6 Rxf6 21.
Rfd1 Na5 22. Bb5 Bxb5 23. axb5 Kf7 24. Ne6 Rxe6 25. dxe6+ Kxe6 26. Rac1 d5 27. Rc2 Rc5 28. Rd4 Rxb5 29. Ra4 g5 30. h5 Rc5 31. Kf1 Nc6 32.
Rca2 a5 33. Rb2 b5 34. Ra1 f4 35. gxf4 gxf4 36. Ke2 Rxc3 0-1

[Event "*** Titled Tuesday Blitz"]
[Site "Chess.com"]
[Date "2020.11.03"]
[Round "6"]
[White "jonaszmb"]
[Black "Ermito2020"]
[Result "0-1"]
[WhiteElo "2399"]
[BlackElo "2587"]
[TimeControl "180+1"]
[EndTime "11:10:07 PST"]
[Termination "Ermito2020 won by resignation"]

1. Nf3 e6 2. c4 f5 3. Nc3 Nf6 4. d3 Be7 5. e4 O-O 6. e5 Ne8 7.
h4 d6 8. Bg5 Nc6 9. exd6 cxd6 10.
d4 h6 11. Bxe7 Qxe7 12. Be2 Nf6 13. d5 exd5 14. cxd5 Ne5 15. Nd4 f4 16. Qb3 Nd3+ 17. Kf1 Nc5 18. Qc2 Bg4 19. Re1 Rae8 20. Qd1 Bd7 21.
Bc4 Qxe1+ 22. Qxe1 Rxe1+ 23. Kxe1 Rc8 24. Be2 Nce4 25. Nxe4 Rc1+ 26. Kd2 Rxh1 27. Nxd6 b6 28. Ne6 Nxd5 29. Nd8 Rxh4 30. Bc4 Rh5 31. g4 fxg3 32. fxg3 Kf8 33. N8b7 Ke7 34. Kd3 Nb4+ 35. Kd4 Nc6+ 36. Kc3 Rg5 37. Bd3 Rxg3 38. b4 h5 39. Ne4 Rxd3+ 40.
Kxd3 Bf5 41. b5 Nb4+ 42. Kd4 Bxe4 43. Kxe4 h4 44. Kf4 Nxa2 45. Kg4 g5 46. Kxg5 h3 47. Kf5 h2 48. Ke5 h1=Q 49. Nd6 Qh2+ 50. Ke4 Kxd6 0-1

[Event "*** Titled Tuesday Blitz"]
[Site "Chess.com"]
[Date "2020.11.03"]
[Round "6"]
[White "AlexeiShirov"]
[Black "amintabatabaei"]
[Result "1-0"]
[WhiteElo "2802"]
[BlackElo "2943"]
[TimeControl "180+1"]
[EndTime "11:10:08 PST"]
[Termination "AlexeiShirov won on time"]

1. e4 e6 2. d4 d5 3. e5 c5 4.
c3 Nc6 5. Nf3 Qb6 6. Be2 cxd4 7.
cxd4 Nh6 8. Bxh6 gxh6 9. Qd2 Rg8 10. O-O Rg4 11. Rd1 Bd7 12. Nc3 O-O-O 13. h3 Rg6 14. Rac1 Kb8 15. Na4 Qb4 16. Nc5 Qxd2 17.
Nxd7+ Rxd7 18. Rxd2 Ne7 19. Rdc2 a6 20. Nd2 Rd8 21. Nb3 Rc8 22. Rxc8+ Nxc8 23. Bh5 Rg7 24. Rc3 Ne7 25. Nc5 Nf5 26. Nd7+ Ka7 27. Nxf8 Nxd4 28. Rc7 Rg5 29. Bxf7 Rxe5 30. Kf1 a5 31. g4 a4 32. Re7 Re4 33. Bxe6 Nf3 34. Rxh7 Nd2+ 35. Kg2 Rb4 36.
Bxd5 Rxb2 37. Rxh6 a3 38. Rh7 Nb1 39. Rc7 Kb8 40.
Rc1 Rb5 41. Nd7+ Ka7 42. Nf6 Rb2 43. g5 Rb6 44. h4 1-0